 Dungeon Crawl Stone Soup version 0.23.2-1-ga50397a6bc (webtiles) character file.

Game seed: 12109203490898917305

99064 Gargoyl the Corrupter of Planes (level 15, 0/129 HPs)
             Began as a Centaur Abyssal Knight on Apr 22, 2019.
             Was the Champion of Lugonu.
             Killed from afar by a nagaraja (3 damage)
             ... with a splash of poison
             ... on level 2 of the Snake Pit on Apr 25, 2019.
             The game lasted 00:55:59 (32802 turns).

Gargoyl the Corrupter of Planes (CeAK)             Turns: 32802, Time: 00:56:00

Health: 0/129      AC: 26    Str: 24    XL:     15   Next: 76%
Magic:  24/24      EV: 17    Int: 12    God:    Lugonu [******]
Gold:   482        SH: 17    Dex: 18    Spells: 14/14 levels left

rFire    + + +     SeeInvis +   u - +9 rapier "Killer Bee's Regret" {freeze, *Rage Int+5 Dex+4}
rCold    + . .     Gourm    .   q - +0 shield
rNeg     . . .     Faith    .   E - +1 ring mail of Fuapipt {rElec rPois Str+6}
rPois    +         Spirit   .   d - +2 helmet
rElec    +         Reflect  +   G - scarf {rC+ rF+}
rCorr    .         Harm     .   L - +2 pair of gloves
MR       ++...     Rnd*Rage +   N - +2 centaur barding {rF+}
Stlth    +.........             v - +5 amulet of reflection
HPRegen  0.31/turn              l - +4 ring of evasion
MPRegen  0.19/turn              R - ring "Puun" {rF+ MR+ Int-4 SInv}

@: berserk cooldown, slowed, studying Bows
A: large, hooves 3, molten scales 1, rugged brown scales 1, agile 1, deformed
body, speed 2, tough skin 3
a: Depart the Abyss, Bend Space, Banish, Corrupt, Enter the Abyss, Brand Weapon
With Distortion, Renounce Religion


You were on level 2 of the Snake Pit.
You worshipped Lugonu.
Lugonu was exalted by your worship.
You were not hungry.

You visited 4 branches of the dungeon, and saw 25 of its levels.
You visited the Abyss 1 time.

You collected 3276 gold pieces.
You spent 2794 gold pieces at shops.

Inventory:

Hand Weapons
 a - a +2 hand axe
 e - a +1 war axe of freezing
 u - the +9 rapier "Killer Bee's Regret" (weapon) {freeze, *Rage Int+5 Dex+4}
   (You found it on level 5 of the Dungeon)

   It has been specially enchanted to freeze those struck by it, causing extra
   injury to most foes and up to half again as much damage against particularly
   susceptible opponents.
   It can also slow down cold-blooded creatures.
   It affects your intelligence (+5).
   It affects your dexterity (+4).
   It may make you go berserk in combat.
 F - the +8 demon trident "Rift" {distort, reach+}
   (You found it on level 1 of the Snake Pit)

   It warps and distorts space around it.
   Unwielding it can cause banishment or high damage.
 U - a +5 hand axe of electrocution
Missiles
 h - 12 javelins (quivered)
Armour
 d - a +2 helmet (worn)
 q - a +0 shield (worn)
 E - the +1 ring mail of Fuapipt (worn) {rElec rPois Str+6}
   (You bought it in a shop on level 7 of the Dungeon)

   It affects your strength (+6).
   It insulates you from electricity.
   It protects you from poison.
 G - a scarf of resistance (worn)
 L - a +2 pair of gloves (worn)
 N - a +2 centaur barding of fire resistance (worn)
Jewellery
 l - a +4 ring of evasion (left hand)
 v - a +5 amulet of reflection (around neck)
 y - an uncursed ring of positive energy
 C - an uncursed amulet of rage
 H - an uncursed amulet of regeneration
 I - the ring "Etihacloth" {rPois rC+ MR+}
   (You bought it in a shop on level 1 of the Snake Pit)

   [ring of protection from magic]

   It protects you from cold.
   It protects you from poison.
   It affects your resistance to hostile enchantments.
 R - the ring "Puun" (right hand) {rF+ MR+ Int-4 SInv}
   (You bought it in a shop on level 1 of the Snake Pit)

   [ring of protection from magic]

   It affects your intelligence (-4).
   It protects you from fire.
   It affects your resistance to hostile enchantments.
   It lets you see invisible.
Wands
 r - a wand of digging (5)
 s - a wand of acid (20)
 t - a wand of paralysis (17)
 J - a wand of flame (57)
 O - a wand of clouds (6)
 S - a wand of disintegration (7)
Scrolls
 f - 9 scrolls of remove curse
 i - 4 scrolls of identify
 k - 8 scrolls of teleportation
 w - 3 scrolls of blinking
 x - a scroll of amnesia
 D - 2 scrolls of fear
 Q - a scroll of silence
Potions
 b - 16 potions of curing
 g - 4 potions of haste
 j - 3 potions of mutation
 n - 5 potions of agility
 o - 2 potions of heal wounds
 p - 3 potions of might
 z - a potion of berserk rage
 A - 2 potions of flight
 B - 3 potions of ambrosia
 K - 2 potions of magic
 M - a potion of invisibility
Books
 P - a manual of Bows
Comestibles
 c - 29 rations
 m - 5 chunks of flesh


   Skills:
 + Level 9.8 Fighting
 + Level 12.4 Short Blades
 + Level 5.5 Axes
 + Level 0.5 Throwing
 * Level 10.1 Armour
 * Level 9.2 Dodging
 + Level 7.3 Shields
 * Level 13.1 Invocations
 + Level 1.0 Evocations


You had 14 spell levels left.
You didn't know any spells.
Your spell library contained the following spells:

 Spells                   Type           Power        Failure   Level  Hunger
 Animate Skeleton         Necr           N/A          56%         1    ##.....
 Apportation              Tloc           #.....       56%         1    ##.....
 Confusing Touch          Hex            #.....       56%         1    ##.....
 Pain                     Necr           #...         56%         1    ##.....
 Shock                    Conj/Air       #...         56%         1    ##.....
 Summon Butterflies       Summ           #.......     56%         1    ##.....
 Summon Small Mammal      Summ           #...         56%         1    ##.....
 Swiftness                Chrm/Air       #.......     71%         2    ###....
 Call Canine Familiar     Summ           #.......     90%         3    ####...
 Regeneration             Chrm/Necr      #.........   90%         3    ####...
 Static Discharge         Conj/Air       #.......     90%         3    ####...
 Vampiric Draining        Necr           #.........   90%         3    ####...
 Airstrike                Air            #.........   100%        4    #####..
 Animate Dead             Necr           N/A          100%        4    #####..
 Summon Ice Beast         Ice/Summ       #.......     100%        4    #####..
 Bolt of Magma            Conj/Fire/Erth #.........   100%        5    ######.
 Irradiate                Conj/Tmut      #.........   100%        5    ######.
 Iskenderun's Battlesphe  Conj/Chrm      #.......     100%        5    ######.
 Lightning Bolt           Conj/Air       #.........   100%        5    ######.
 Summon Mana Viper        Hex/Summ       #.......     100%        5    ######.
 Venom Bolt               Conj/Pois      #.........   100%        5    ######.
 Hydra Form               Tmut           #.........   100%        6    #######
 Iron Shot                Conj/Erth      #.........   100%        6    #######
 Statue Form              Tmut/Erth      #........    100%        6    #######
 Dragon Form              Tmut           #.........   100%        7    #######
 Orb of Destruction       Conj           #.........   100%        7    #######
 Spellforged Servitor     Conj/Summ      #.........   100%        7    #######
 Summon Hydra             Summ           #.........   100%        7    #######


Dungeon Overview and Level Annotations

Branches:
Dungeon (15/15)            Temple (0/1) D:7            Lair (6/6) D:8
 Shoals (0/4) Lair:2        Snake (2/4) Lair:3        Slime (0/5) Lair:5
    Orc (2/2) D:12            Elf (0/3) Orc:2        Vaults (0/5) D:14
 Depths (0/5) D:15

Altars:
Cheibriados
Gozag
Kikubaaqudgha
Nemelex Xobeh
Trog
Vehumet
Wu Jian
Beogh

Shops:
D:7 *   D:10 [   D:13 *   Orc:2 }?}[   Snake:1 }}=

Annotations:
D:11 exclusion: orange crystal statue
D:12 2 runed translucent doors, cada's ghost, journeyman TrBe


Innate Abilities, Weirdness & Mutations

You have hooves in place of feet.
Armour fits poorly on your strangely shaped body.
You cover ground very quickly.
You have extremely tough skin. (AC +3)
You are partially covered in molten scales. (AC +2)
You are partially covered in rugged brown scales. (AC +1, +3% HP)
You are agile. (Dex +2)


Message History

The nagaraja spits poison at you.
The splash of poison reflects off an invisible shield around you!
The splash of poison hits the nagaraja.
You block the nagaraja's attack.
The nagaraja points at you and mumbles some strange words.
The orb of energy misses you.
The orb of energy explodes!
You feel much better. The nagaraja spits poison at you.
The splash of poison misses you. The nagaraja misses you.
You block the nagaraja's attack.
As you read the scroll of teleportation, it crumbles to dust.
You feel strangely stable.
The nagaraja points at you and mumbles some strange words.
The bolt of poison hits you. You resist.
* * * LOW HITPOINT WARNING * * *
The nagaraja hits you from afar with a +0 halberd!!
* * * LOW HITPOINT WARNING * * *
You block the nagaraja's attack. The nagaraja spits poison at you.
The splash of poison hits you. You resist.
You die...

.##..# .... .##..#
#.........#
.##..#########.........#
.'.........†.†...>.>....
.##..#######†)..........
.##..# #.....>.>....
.##[.# #.#NN.......#
###..# #.#.........# #
#... ..##.@.....# ###.#
######...### .# #.## .#
. .. .. ...


You could see 2 nagarajas.

Vanquished Creatures
  Frances (D:12)
  A nagaraja (Snake:2)
  2 orc warlords
  An emperor scorpion (D:14)
  Aizul (Snake:2)
  A dire elephant (Lair:6)
  A fire dragon (D:13)
  An ice dragon (shapeshifter) (D:15)
  Erolcha (Orc:1)
  An ice dragon (Lair:6)
  A naga warrior (Snake:2)
  A centaur warrior (D:12)
  10 hydras
  6 anacondas
  5 two-headed ogres
  A death knight (D:14)
  3 death yaks (Lair:6)
  3 ogre magi
  Urug (D:10)
  Sonja (Orc:1)
  Nergalle (Orc:2)
  A fire crab (shapeshifter) (D:13)
  A skeletal warrior (D:13)
  2 unseen horrors
  A wizard (D:14)
  2 naga ritualists (Snake:1)
  2 lindwurms (Lair:6)
  2 orc knights
  9 orc sorcerers
  A deep elf mage (D:14)
  A salamander (D:15)
  3 mana vipers
  2 manticores
  3 ugly things (D:13)
  3 cyclopes
  2 elephants (Lair:6)
  3 guardian serpents (Snake:2)
  15 black mambas
  3 naga magi
  5 spiny frogs
  4 gargoyles
  Psyche (D:8)
  7 torpor snails
  3 rime drakes (Lair:6)
  2 efreet (D:13)
  3 freezing wraiths
  4 komodo dragons
  4 trolls
  4 tyrant leeches (Lair:6)
  Grinder (D:4)
  A polar bear (Lair:4)
  10 blink frogs
  8 slime creatures
  8 hornets (Lair:6)
  12 dream sheep
  14 hippogriffs
  3 shadows
  Sigmund (D:2)
  2 wraiths
  3 vampires
  5 basilisks
  4 wyverns
  19 yaks
  A hungry ghost (D:13)
  4 wargs
  10 nagas
  An acid dragon (D:14)
  15 water moccasins
  8 porcupines
  7 sky beasts
  26 orc warriors
  2 phantoms
  4 ice beasts
  A black bear (D:9)
  2 necrophages (D:10)
  12 wolves
  17 ogres
  14 centaurs
  9 crocodiles
  5 big kobolds
  15 bullfrogs
  2 wyvern skeletons
  4 scorpions
  An electric eel (Lair:6)
  3 wights (D:10)
  4 howler monkeys
  6 crimson imps
  2 bullfrog zombies
  5 centaur zombies
  6 jellies
  A gnoll shaman (D:6)
  5 hounds
  10 orc priests
  3 bullfrog skeletons
  4 centaur skeletons
  34 orc wizards
  Terence (D:2)
  3 iguanas
  13 worker ants
  7 hell rats (Lair:4)
  A hound zombie (D:7)
  4 worker ant zombies
  Robin (D:2)
  3 gnolls (D:6)
  A howler monkey skeleton (D:6)
  10 adders
  A river rat (D:14)
  8 shadow imps
  2 oozes
  3 worms
  12 dart slugs
  7 leopard geckos
  77 orcs
  11 giant cockroaches
  16 goblins
  9 hobgoblins
  9 jackals
  5 quokkas
  A ball python (D:2)
  12 bats
  6 frilled lizards
  A jackal skeleton (D:5)
  18 kobolds
  2 quokka skeletons
  4 rats
  A plant (Lair:6)
720 creatures vanquished.

Vanquished Creatures (others)
  A hydra (Lair:1)
  An unseen horror (D:10)
  A vampire (D:9)
  An orc (Orc:1)
  7 fungi
  13 plants
24 creatures vanquished.

Grand Total: 744 creatures vanquished

Notes
Turn   | Place    | Note
-------+----------+-------------------------------------------
     0 | Abyss:1  | Gargoyl the Centaur Abyssal Knight began the quest for the
                  | Orb.
     0 | Abyss:1  | Reached XP level 1. HP: 19/19 MP: 2/2
    55 | Abyss:2  | Noticed a small abomination
    55 | Abyss:2  | Noticed an eye of draining
    76 | Abyss:2  | Noticed a hell hog
    76 | Abyss:2  | Noticed a hell hog
    76 | Abyss:2  | Noticed a hell hog
    78 | D:1      | Escaped the Abyss
   203 | D:1      | Reached * piety under Lugonu
   286 | D:1      | Reached XP level 2. HP: 21/26 MP: 3/3
   633 | D:1      | Reached XP level 3. HP: 30/31 MP: 4/4
   665 | D:1      | Reached skill level 1 in Dodging
  1266 | D:2      | Reached ** piety under Lugonu
  1300 | D:2      | Noticed Sigmund
  1310 | D:2      | Killed Sigmund
  1310 | D:2      | Reached skill level 3 in Invocations
  1310 | D:2      | Reached XP level 4. HP: 29/39 MP: 4/6
  1310 | D:2      | Reached XP level 5. HP: 34/45 MP: 4/7
  1524 | D:2      | Reached XP level 6. HP: 39/51 MP: 8/8
  1791 | D:2      | Noticed Terence
  1794 | D:2      | Noticed Robin
  1817 | D:2      | Killed Terence
  1823 | D:2      | Killed Robin
  2608 | D:3      | Reached *** piety under Lugonu
  3179 | D:4      | Got a warped scale mail
  3210 | D:4      | Identified the cursed +1 scale mail of the Camelopard {MR+}
                  | (You found it on level 4 of the Dungeon)
  3264 | D:4      | Reached XP level 7. HP: 58/58 MP: 9/9
  3484 | D:4      | Gained mutation: You are partially covered in yellow
                  | scales. (AC +2) [potion of mutation]
  3484 | D:4      | Gained mutation: Your magical capacity is low. (-10% MP)
                  | [potion of mutation]
  3484 | D:4      | Gained mutation: You have supernaturally acute eyesight.
                  | (SInv) [potion of mutation]
  3627 | D:4      | Noticed Grinder
  3661 | D:4      | Paralysed by Grinder for 3 turns
  3670 | D:5      | Entered Level 5 of the Dungeon
  3732 | D:5      | Reached skill level 4 in Invocations
  4162 | D:4      | Killed Grinder
  4649 | D:5      | Reached XP level 8. HP: 62/66 MP: 10/10
  4675 | D:5      | Reached **** piety under Lugonu
  4907 | D:5      | Reached skill level 5 in Axes
  5004 | D:5      | Got an ivory rapier
  5005 | D:5      | Identified the +9 rapier "Killer Bee's Regret" {freeze,
                  | *Rage Int+5 Dex+4} (You found it on level 5 of the Dungeon)
  5612 | D:6      | Found a sparkling altar of Nemelex Xobeh.
  5753 | D:6      | Reached skill level 5 in Invocations
  5862 | D:6      | Reached skill level 1 in Short Blades
  5879 | D:6      | Lost mutation: Your magical capacity is low. (-10% MP)
                  | [potion of mutation]
  5879 | D:6      | Lost mutation: You are partially covered in yellow scales.
                  | (AC +2) [potion of mutation]
  5879 | D:6      | Lost mutation: You have supernaturally acute eyesight.
                  | (SInv) [potion of mutation]
  5879 | D:6      | Gained mutation: You are agile. (Dex +2) [potion of
                  | mutation]
  5879 | D:6      | Gained mutation: You are partially covered in rugged brown
                  | scales. (AC +1, +3% HP) [potion of mutation]
  5879 | D:6      | Gained mutation: You are partially covered in molten
                  | scales. (AC +2) [potion of mutation]
  6132 | D:7      | Noticed a hippogriff
  6134 | D:7      | Found a staircase to the Ecumenical Temple.
  6140 | D:7      | Killed a hippogriff
  6144 | D:7      | Noticed a hippogriff
  6154 | D:7      | Reached skill level 5 in Armour
  6154 | D:7      | Reached XP level 9. HP: 38/74 MP: 13/13
  6159 | D:7      | Reached skill level 1 in Shields
  6817 | D:7      | Reached skill level 6 in Invocations
  6894 | D:7      | Found Izxir's General Store.
  7623 | D:8      | Noticed a two-headed ogre
  7636 | D:8      | Banished a two-headed ogre
  7870 | D:8      | Reached skill level 5 in Fighting
  7919 | D:8      | Reached skill level 7 in Invocations
  7919 | D:8      | Reached XP level 10. HP: 59/83 MP: 15/15
  8020 | D:8      | Found a staircase to the Lair.
  8251 | D:8      | Noticed Psyche
  8251 | D:8      | Noticed a two-headed ogre
  8261 | D:8      | Killed Psyche
  8328 | D:8      | Killed a two-headed ogre
  8486 | D:8      | Noticed a gargoyle
  8508 | D:8      | Killed a gargoyle
  8520 | D:8      | Reached skill level 5 in Short Blades
  8573 | D:7      | Bought the cursed +1 ring mail of Fuapipt {rElec rPois
                  | Str+6} for 441 gold pieces
  8958 | D:8      | Noticed a three-headed hydra
  8965 | D:8      | Killed a three-headed hydra
  8965 | D:8      | Reached skill level 8 in Invocations
  9767 | D:9      | Found an opulent altar of Gozag.
  9878 | D:9      | Reached XP level 11. HP: 44/91 MP: 17/17
 10108 | D:9      | Found a radiant altar of Vehumet.
 10727 | D:10     | Entered Level 10 of the Dungeon
 10748 | D:10     | Reached skill level 5 in Dodging
 10764 | D:10     | Reached ***** piety under Lugonu
 11041 | D:10     | Found Taeloes's Antique Armour Boutique.
 11480 | D:10     | Noticed Urug
 11495 | D:10     | Killed Urug
 11495 | D:10     | Reached skill level 9 in Invocations
 11514 | D:10     | Banished an unseen horror
 11514 | D:10     | Reached skill level 1 in Evocations
 12174 | D:11     | Noticed an orange crystal statue
 12826 | Lair:1   | Entered Level 1 of the Lair of Beasts
 12864 | Lair:1   | Noticed an eight-headed hydra
 12867 | Lair:1   | Noticed a five-headed hydra
 12873 | Lair:1   | Killed an eight-headed hydra
 12884 | Lair:1   | Banished a five-headed hydra
 13895 | Lair:2   | Reached XP level 12. HP: 84/99 MP: 19/19
 14452 | Lair:2   | Found a staircase to the Shoals.
 14709 | Lair:3   | Noticed a five-headed hydra
 14727 | Lair:3   | Killed a five-headed hydra
 14752 | Lair:3   | Reached skill level 10 in Invocations
 14916 | Lair:3   | Noticed a seven-headed hydra
 14925 | Lair:3   | Killed a seven-headed hydra
 15520 | Lair:3   | Found a staircase to the Snake Pit.
 15988 | Lair:4   | Noticed a five-headed hydra
 16007 | Lair:3   | Killed a five-headed hydra
 16436 | Lair:4   | Found a gate leading to a gauntlet.
 16473 | Lair:4   | Found a snail-covered altar of Cheibriados.
 17332 | Lair:5   | Found a staircase to the Slime Pits.
 18039 | Lair:5   | Reached XP level 13. HP: 92/108 MP: 19/21
 18439 | Lair:6   | Entered Level 6 of the Lair of Beasts
 18526 | Lair:6   | Reached skill level 5 in Shields
 18868 | Lair:6   | Found an ornate altar of the Wu Jian Council.
 19406 | Lair:6   | Reached skill level 11 in Invocations
 19746 | Lair:6   | Found a runed translucent door.
 19758 | Lair:6   | Reached ****** piety under Lugonu
 20504 | Lair:6   | Reached skill level 10 in Short Blades
 21265 | Lair:6   | Noticed a dire elephant
 21815 | Lair:6   | Killed a dire elephant
 23510 | D:12     | Found a staircase to the Orcish Mines.
 23764 | D:12     | Found a large runed translucent door.
 23765 | D:12     | Found a large runed translucent door.
 23778 | D:12     | Noticed cada's ghost (journeyman TrBe)
 23779 | D:12     | Found the cursed +13 scythe of Curses {drain, *Curse}
 23804 | D:12     | Noticed Frances
 23819 | D:12     | Killed Frances
 23819 | D:12     | Reached XP level 14. HP: 57/119 MP: 22/22
 25305 | D:13     | Found Qinouk's General Store.
 25362 | D:13     | Bought a +2 centaur barding of fire resistance for 560 gold
                  | pieces
 25725 | D:13     | Reached skill level 12 in Invocations
 27152 | D:14     | Found a gate to the Vaults.
 27413 | D:15     | Entered Level 15 of the Dungeon
 28386 | D:15     | Found a staircase to the Depths.
 28391 | D:15     | Noticed an emperor scorpion
 28705 | D:14     | Killed an emperor scorpion
 28827 | D:15     | Noticed a storm dragon
 28830 | D:15     | a storm dragon changed into a minotaur
 29179 | Orc:1    | Entered Level 1 of the Orcish Mines
 29195 | Orc:1    | Noticed Erolcha
 29233 | Orc:1    | Noticed Sonja
 29237 | Orc:1    | Killed Erolcha
 29405 | Orc:1    | Killed Sonja
 29405 | Orc:1    | Reached XP level 15. HP: 127/127 MP: 24/24
 29452 | Orc:1    | Found a bloodstained altar of Trog.
 29557 | Orc:2    | Entered Level 2 of the Orcish Mines
 29687 | Orc:2    | Noticed an orc warlord
 29844 | Orc:1    | Killed an orc warlord
 30091 | Orc:1    | Noticed an orc warlord
 30157 | Orc:2    | Killed an orc warlord
 30512 | Orc:2    | Found a staircase to the Elven Halls.
 30818 | Orc:2    | Found Jizin's Gadget Emporium.
 30903 | Orc:2    | Found an ancient bone altar of Kikubaaqudgha.
 30903 | Orc:2    | Noticed Nergalle
 30921 | Orc:2    | Killed Nergalle
 30934 | Orc:2    | Found Ivarypod's Gadget Emporium.
 30984 | Orc:2    | Found a radiant altar of Vehumet.
 31060 | Orc:2    | Found a roughly hewn altar of Beogh.
 31092 | Orc:2    | Found Benokh's Magic Scroll Shoppe.
 31111 | Orc:2    | Found Ynioh's Antique Armour Emporium.
 31117 | Orc:2    | Bought a scroll of teleportation for 36 gold pieces
 31117 | Orc:2    | Bought a scroll of enchant weapon for 90 gold pieces
 31642 | Snake:1  | Entered Level 1 of the Snake Pit
 31956 | Snake:1  | Reached skill level 10 in Armour
 32046 | Snake:1  | Found the +8 demon trident "Rift" {distort, reach+}
 32146 | Snake:1  | Reached skill level 13 in Invocations
 32343 | Snake:1  | Found Xoramiwk's Gadget Emporium.
 32344 | Snake:1  | Identified a scroll of acquirement
 32350 | Snake:1  | Found Wyczowao's Jewellery Boutique.
 32351 | Snake:1  | Found Funofrai's Gadget Emporium.
 32365 | Snake:1  | Bought a +5 amulet of reflection for 576 gold pieces
 32365 | Snake:1  | Bought the ring "Etihacloth" {rPois rC+ MR+} for 604 gold
                  | pieces
 32365 | Snake:1  | Bought the ring "Puun" {rF+ MR+ Int-4 SInv} for 487 gold
                  | pieces
 32762 | Snake:2  | Noticed a nagaraja
 32771 | Snake:2  | Noticed Aizul
 32772 | Snake:2  | Noticed a nagaraja
 32772 | Snake:2  | Noticed a nagaraja
 32781 | Snake:2  | Killed a nagaraja
 32793 | Snake:2  | Killed Aizul
 32802 | Snake:2  | HP: 3/129 [nagaraja/+0 halberd (26)]
 32802 | Snake:2  | Killed from afar by a nagaraja

Skill      XL: |  1  2  3  4  5  6  7  8  9 10 11 12 13 14 15 |
---------------+----------------------------------------------+-----
Axes           | 2 3 4 5 |  5.5
Dodging        | 1 2 3 4 5 6 7 8 9 |  9.2
Armour         | 2 3 4 5 6 7 8 9 10 | 10.1
Invocations    | 3 4 5 7 8 9 10 11 12 13 | 13.1
Fighting       | 4 5 6 7 8 9 |  9.8
Short Blades   | 1 3 6 8 9 10 11 12 | 12.4
Shields        | 2 3 4 5 6 7 |  7.3
Evocations     | 1 |  1.0
Throwing       | |  0.5

Action                   |  1- 3 |  4- 6 |  7- 9 | 10-12 | 13-15 || total
-------------------------+-------+-------+-------+-------+-------++-------
Melee: Hand axe          |   110 |   200 |   143 |       |       ||   453
       Kick              |    10 |    46 |    81 |   233 |   577 ||   947
       Rapier            |       |       |   146 |   603 |  1340 ||  2089
Throw: Javelin           |       |       |       |       |     6 ||     6
Invok: Depart the Abyss  |     1 |       |       |       |       ||     1
       Banish            |       |       |     1 |     6 |       ||     7
       Bend Space        |       |       |       |       |     5 ||     5
 Abil: Evoke Berserk Rag |       |       |       |     3 |       ||     3
Evoke: Wand              |       |       |     1 |       |       ||     1
  Use: Scroll            |     6 |     1 |    10 |    14 |    21 ||    52
       Potion            |       |     1 |     3 |     4 |     5 ||    13
  Eat: Chunk             |       |     6 |    13 |    18 |    20 ||    57
       Ration            |       |       |       |     4 |     7 ||    11
Armor: Scale mail        |    94 |   100 |   136 |    11 |       ||   341
       Ring mail         |       |       |       |   153 |   397 ||   550
Dodge: Dodged            |    72 |   145 |   145 |   318 |   623 ||  1303
Block: Shield            |       |       |    76 |   286 |   634 ||   996
       Reflection        |       |       |       |       |     6 ||     6
